 Dungeon Crawl Stone Soup version 0.31-a0-631-g285b096dc4 (webtiles) character file.

Game seed: 7648950205712553265

1473 Cummy the Grappler (level 8, -4/75 HPs)
             Began as a Troll Berserker on Aug 25, 2023.
             Was an Elder of Trog.
             Slain by a killer bee (6 damage)
             ... on level 6 of the Dungeon.
             The game lasted 00:18:58 (4412 turns).

Cummy the Grappler (Troll Berserker)                Turns: 4412, Time: 00:18:58

Health: -4/75      AC:  4    Str: 28    XL:     8   Next: 49%
Magic:  7/7        EV: 15    Int:  3    God:    Trog [****..]
Gold:   244        SH:  0    Dex:  9    Spells: 7/7 levels left

rFire   . .          .
                       - Unarmed
rCold   . . .        (no shield)
rNeg    . . .        a - +0 animal skin
rPois   .            (helmet restricted)
rElec   .            (no cloak)
rCorr   .            (gloves unavailable)
SInv    .            (boots unavailable)
Will    +....        x - amulet of regeneration
Stlth   +            j - +5 ring of evasion
HPRegen 1.92/turn    u - ring of willpower
MPRegen 0.10/turn

%: no passive effects
@: lethally poisoned (-4 -> -5)
A: large, unfitting armour, claws 3, regeneration 1, shaggy fur 1, tough skin 1
a: Renounce Religion, Berserk, Trog's Hand, Brothers in Arms


You were on level 6 of the Dungeon.
You worshipped Trog.
Trog was greatly pleased with you.
You visited 1 branch of the dungeon, and saw 7 of its levels.
You also visited: Sewer.

You collected 244 gold pieces.

Inventory:

Missiles
 c - 3 datura-tipped darts
 t - 2 throwing nets
 y - 5 silver javelins (quivered)
 F - 5 boomerangs
Armour
 a - a +0 animal skin (worn)
 n - the +5 ring mail of Seusax {Str+3}
   (You found it on level 2 of the Dungeon)

   Str+3:     It affects your strength (+3).
Magical Staves
 k - a staff of poison
Jewellery
 j - a +5 ring of evasion (left claw)
 o - a ring of see invisible
 u - a ring of willpower (right claw)
 x - an amulet of regeneration (around neck)
 D - a ring of protection from fire
 E - a ring of protection from cold
Talismans
 m - a flux talisman
Wands
 C - a wand of acid (25)
 I - a wand of paralysis (9)
Scrolls
 b - a scroll of revelation
 i - 2 scrolls of vulnerability
 q - a scroll of poison
 v - 2 scrolls of fear
 w - a scroll of noise
Potions
 f - a potion of haste {unknown}
 g - 3 potions of cancellation {unknown}
 h - a potion of invisibility {unknown}
 l - 2 potions of lignification {unknown}
 p - a potion of degeneration {unknown}
 r - 2 potions of might {unknown}
 s - a potion of attraction {unknown}
 z - 2 potions of enlightenment
 A - a potion of heal wounds
 B - 2 potions of curing
 G - a potion of magic {unknown}


   Skills:
 + Level 3.2 Fighting
 + Level 3.1 Throwing
 + Level 4.5 Dodging
 + Level 1.3 Stealth
 + Level 8.5 Unarmed Combat


You had 7 spell levels left.
You didn't know any spells.
Your spell library was empty.

Dungeon Overview and Level Annotations

Branches:
Dungeon (7/15)             Temple (0/1) D:5           Sewer (visited)

Altars:
Sif Muna
Yredelemnul


Innate Abilities, Weirdness & Mutations

You are too large for most types of armour.
You have claws for hands.
Your natural rate of healing is unusually fast.
You are covered in fur. (AC +1)
You have tough skin. (AC +1)


Message History

The killer bee poisons you! The killer bee barely misses you.
The killer bee stings you but does no damage.
You barely miss the killer bee. Your claw misses the killer bee.
The killer bee is severely wounded.
You feel very sick.
The killer bee barely misses you. x3; The killer bee stings you.
You are more poisoned.
The killer bee poisons you! The killer bee closely misses you.
The killer bee completely misses you. The killer bee barely misses you.
The killer bee completely misses you.
The killer bee stings you but does no damage.
The killer bee misses you. The killer bee barely misses you. x2
You feel very sick. The killer bee stings you.
You are more poisoned.
The killer bee poisons you! The killer bee stings you.
You are more poisoned.
The killer bee poisons you! The killer bee misses you.
The killer bee stings you!
You are more poisoned.
The killer bee poisons you! The killer bee closely misses you. x2
The killer bee completely misses you. The killer bee stings you. x2
The killer bee barely misses you. The killer bee stings you!
You are more poisoned.
The killer bee poisons you! The killer bee closely misses you.
You climb upwards.
* * * LOW HITPOINT WARNING * * *
You feel extremely sick.
There is a stone staircase leading down here.
You feel better. The killer bee completely misses you.
The killer bee stings you.
* * * LOW HITPOINT WARNING * * *
You are poisoned.
The killer bee poisons you! The killer bee closely misses you.
The killer bee stings you!
* * * LOW HITPOINT WARNING * * *
The killer bee stings you.
* * * LOW HITPOINT WARNING * * *
The killer bee stings you.
You die...

...#.....#.....#.....###........#
...#....#.....(#....(.#.###.....#
...#...###.....#.....#.....##...#
..#.###.#.###.#......#......#..##
.###...#.....###.....#.....##..##
#.#....#......#.###.#......#.....
.#.....#.....#.....###.....#.....
.#....#......#..yy..#.###.##.....
.#...###.....#.y@..#.....########
#.###.#.###.#..yyy.#......#######
##...#.....###.....#.....#.......
#....#......#.###.#......#.......
.....#.....#.....###.....#.......
....#.....[#......#.###.#....##..
...###.....#.....#.....##....##..
###...###.#......#......#.^..+...
.........###.....#.....#.....#...


You could see 6 killer bees.

Vanquished Creatures
  An orc warrior (D:6)
  A black bear (D:6)
  An ogre (D:5)
  Blork the orc (D:5)
  3 kobold brigands
  2 scorpions (D:6)
  2 bullfrogs (D:6)
  2 howler monkeys
  3 hounds
  An orc priest (D:5)
  2 jellies (D:5)
  3 iguanas
  Ijyb (D:5)
  A sleepcap (D:6)
  5 orc wizards
  Robin (D:2)
  3 gnolls (D:3)
  2 adders
  A river rat (Sewer)
  An ufetubus (D:5)
  A dart slug (D:1)
  10 orcs
  5 endoplasms
  3 giant cockroaches
  14 goblins
  8 hobgoblins
  A jackal (Sewer)
  13 kobolds
  4 quokkas
  6 ball pythons
  4 bats
  2 frilled lizards
  10 rats
118 creatures vanquished.

Notes
Turn   | Place    | Note
-------+----------+-------------------------------------------
     0 | D:1      | Cummy the Troll Berserker began the quest for the Orb.
     0 | D:1      | Reached XP level 1. HP: 22/22 MP: 0/0
    51 | D:1      | Reached XP level 2. HP: 29/29 MP: 1/1
   154 | D:1      | Found a faded altar of an unknown god.
   319 | D:1      | Reached ** piety under Trog
   380 | D:1      | Reached XP level 3. HP: 36/36 MP: 2/2
   801 | D:2      | Identified the +5 ring mail of Seusax {Str+3}
   950 | D:2      | Noticed Robin
   980 | D:2      | Killed Robin
  1057 | D:2      | Reached skill level 4 in Unarmed Combat
  1057 | D:2      | Reached XP level 4. HP: 41/44 MP: 3/3
  1477 | D:3      | Found a basalt altar of Yredelemnul.
  1489 | D:3      | Found a shimmering blue altar of Sif Muna.
  1653 | D:3      | Reached *** piety under Trog
  1662 | D:3      | Reached XP level 5. HP: 20/52 MP: 4/4
  2034 | D:3      | Found a glowing drain.
  2044 | Sewer    | Entered a sewer
  2115 | Sewer    | Reached skill level 5 in Unarmed Combat
  2148 | Sewer    | Reached XP level 6. HP: 44/61 MP: 5/5
  2187 | Sewer    | Found a white marble altar of Elyvilon.
  3098 | D:5      | Entered Level 5 of the Dungeon
  3109 | D:5      | Reached skill level 6 in Unarmed Combat
  3133 | D:5      | Reached skill level 1 in Stealth
  3136 | D:5      | Reached XP level 7. HP: 55/67 MP: 6/6
  3166 | D:5      | Noticed Blork the orc
  3177 | D:5      | Killed Blork the orc
  3192 | D:5      | Reached skill level 7 in Unarmed Combat
  3490 | D:5      | Noticed Ijyb
  3492 | D:5      | Killed Ijyb
  3492 | D:5      | Reached **** piety under Trog
  3591 | D:5      | Found a staircase to the Ecumenical Temple.
  3683 | D:6      | Reached skill level 1 in Throwing
  3776 | D:6      | Reached XP level 8. HP: 75/75 MP: 7/7
  3809 | D:6      | Reached skill level 8 in Unarmed Combat
  4412 | D:6      | HP: 2/75 [killer bee (6)]
  4412 | D:6      | Slain by a killer bee

Illustrated notes

Levels and vault maps discovered:
D:1:      dpeg_arrival_long_road, layout_basic, basic_ecumenical_altar
D:2:      layout_basic, uniq_robin
D:3:      layout_loops_ring, mainiacjoe_overflow_big_doors,
          portal_sewer_entry_d, chequers_big_river
D:4:      layout_basic
D:5:      layout_basic, minmay_temple_entry_statues_pillars, uniq_blork_the_orc,
          uniq_ijyb
D:6:      nicolae_BIG_FREAKIN_CUBE, layout_gridville
D:7:      layout_basic, worms_lemuel

Skill      XL: |  1  2  3  4  5  6  7  8 |
---------------+-------------------------+-----
Dodging        | 3 4 |  4.5
Unarmed Combat | 4 5 6 7 8 |  8.5
Fighting       | 3 |  3.2
Stealth        | 1 |  1.3
Throwing       | 2 3 |  3.1

Action                     |  1- 3 |  4- 6 |  7- 9 || total
---------------------------+-------+-------+-------++-------
  Melee: Unarmed           |   105 |   126 |    67 ||   298
         Punch             |       |     4 |       ||     4
  Throw: Javelin           |       |     5 |    31 ||    36
    Use: Scroll            |       |       |     7 ||     7
         Potion            |       |       |     2 ||     2
   Stab: Sleeping          |       |     1 |       ||     1
 Armour: Animal skin       |    24 |    12 |    18 ||    54
  Dodge: Dodged            |    83 |    71 |    64 ||   218

Table legend: (Time is in decaauts)
 A = Elapsed time spent in this place.
 B = Non-inter-level travel time spent in this place.
 C = Inter-level travel time spent in this place.
 D = Time resting spent in this place.
 E = Time spent auto-exploring this place.
 F = Levels seen in this place.
 G = Mean time per level.
                   A        B        C        D        E       F      G
               +--------+--------+--------+--------+--------+-----+--------+
         Total |   4397 |   4397 |      0 |     23 |   2752 |   8 |  549.6 |
       Dungeon |   4167 |   4167 |      0 |     23 |   2752 |   7 |  595.3 |
         Sewer |    229 |    229 |      0 |      0 |      0 |   1 |  229.0 |
               +--------+--------+--------+--------+--------+-----+--------+

Top non-repeatable levels by time:
     D:3: 815 daAuts
     D:1: 784 daAuts
     D:6: 737 daAuts
     D:2: 653 daAuts
     D:4: 598 daAuts
     D:5: 574 daAuts
   Sewer: 229 daAuts
     D:7: 4 daAuts
